 Dungeon Crawl Stone Soup version 0.27.1-33-g824d729ab1 (webtiles) character file.

Game seed: 9363769148358138895

46 Thatpatchoflichen the Cutter (level 3, -1/22 HPs)
             Began as a Kobold Gladiator on Dec 18, 2021.
             Slain by a worm (7 damage)
             ... on level 2 of the Dungeon.
             The game lasted 00:04:22 (934 turns).

Thatpatchoflichen the Cutter (Kobold Gladiator)      Turns: 934, Time: 00:04:23

Health: -1/22      AC:  4    Str: 11    XL:     3   Next: 95%
Magic:  3/3        EV: 16    Int: 15    God:
Gold:   48         SH:  0    Dex: 17    Spells: 2/2 levels left

rFire    . . .     SeeInvis .   n - +1 dagger (speed)
rCold    . . .     Faith    .   (shield restricted)
rNeg     . . .     Spirit   .   b - +0 leather armour
rPois    .         Reflect  .   c - +0 helmet
rElec    .         Harm     .   (no cloak)
rCorr    .         Rampage  .   (no gloves)
Will     .....                  (no boots)
Stlth    ++........             (no amulet)
HPRegen  0.07/turn              f - +6 ring of intelligence
MPRegen  0.08/turn              (no ring)

@: no status effects
A: small, no large weapons, nightstalker 3
a: no special abilities


You were on level 2 of the Dungeon.
You visited 1 branch of the dungeon, and saw 2 of its levels.

You collected 48 gold pieces.

Inventory:

Hand Weapons
 a - a +0 rapier
 n - a +1 dagger of speed (weapon)
Missiles
 d - 3 throwing nets (quivered)
 k - 3 atropa-tipped darts
Armour
 b - a +0 leather armour (worn)
 c - a +0 helmet (worn)
 l - a +0 ring mail
Jewellery
 f - a +6 ring of intelligence (left hand)
 j - a ring of fire
Scrolls
 e - a scroll of identify
 i - 2 scrolls of noise
 m - a scroll of enchant weapon {unknown}
Potions
 g - a potion of mutation {unknown}
 h - a potion of heal wounds {unknown}


   Skills:
 + Level 2.9 Fighting
 + Level 4.6 Short Blades
 - Level 2.1 Throwing
 * Level 4.5 Dodging


You had 2 spell levels left.
You didn't know any spells.
Your spell library was empty.

Dungeon Overview and Level Annotations

Branches:
Dungeon (2/15)

Altars:


Innate Abilities, Weirdness & Mutations

You are small and have problems with some larger weapons.
You are completely attuned to the shadows.


Message History

You hit the kobold.
You kill the kobold!
You puncture the rat!
You kill the rat!
The orc completely misses you.
Items here: ( )))) †††††.
There is an open door, spattered with blood here.
You closely miss the orc. The orc barely misses you.
You hit the orc but do no damage. The orc misses you.
You hit the orc.
The orc is heavily wounded.
The orc barely misses you.
You barely miss the orc.
The orc is heavily wounded.
The orc cheers to no one in particular.
The orc misses you.
You barely miss the orc.
The orc is heavily wounded.
The orc hits you with a +0 dagger.
* * * LOW HITPOINT WARNING * * *
You hit the orc.
The orc is almost dead.
The orc hits you but does no damage.
You hit the orc but do no damage.
The orc is almost dead.
The quokka twitches its whiskers.
The orc hits you but does no damage.
You barely miss the orc.
The orc is almost dead.
The orc hits you but does no damage.
You hit the orc.
You kill the orc!
The worm barely misses you.
Items here: ( ))))) †††††.
n - a +1 dagger of speed
Okay, then.
Your hands tingle!
n - a +1 dagger of speed (weapon)
The worm bites you!
You die...

.......
.......
.......
.......
..<...g
#($.
#######
#... #..
###
#'###.##
#+###@'††.#
#.$rw###.##
$=.[.# ###
.(!$(#
...!.#
#$..## ####


You could see a worm and a quokka.

Vanquished Creatures
  An adder (D:2)
  A dart slug (D:1)
  An orc (D:2)
  4 ball pythons (D:1)
  4 bats
  An endoplasm (D:1)
  A giant cockroach (D:1)
  6 goblins
  A hobgoblin (D:2)
  2 quokkas
  2 frilled lizards (D:2)
  7 kobolds
  3 rats (D:2)
34 creatures vanquished.

Notes
Turn   | Place    | Note
-------+----------+-------------------------------------------
     0 | D:1      | Thatpatchoflichen the Kobold Gladiator began the quest for
                  | the Orb.
     0 | D:1      | Reached XP level 1. HP: 12/12 MP: 1/1
   203 | D:1      | Reached XP level 2. HP: 12/18 MP: 2/2
   574 | D:1      | Reached XP level 3. HP: 14/22 MP: 3/3
   934 | D:2      | Slain by a worm

Illustrated notes

Levels and vault maps discovered:
D:1:      giann_wishing_wells, layout_rooms, feat_on_display
D:2:      layout_rooms, minmay_joined_circles, uniq_crazy_yiuf_cottage

Skill      XL: |  1  2 |
---------------+-------+-----
Dodging        | 4 |  4.5
Fighting       | |  2.9
Short Blades   | |  4.6
Throwing       | |  2.1

Action                   || total
-------------------------++-------
Melee: Rapier            ||    93
  Use: Scroll            ||     1
 Stab: Sleeping          ||     4
Armor: Leather armour    ||    29
Dodge: Dodged            ||   103
